 Dungeon Crawl Stone Soup version 0.30-a0-939-gc8157cb160 (webtiles) character file.

Game seed: 5802696888486020374

1516 Mesmaeker13 the Insei (level 8, -3/66 HPs)
             Began as an Octopode Transmuter on Mar 25, 2023.
             Slain by a yak (14 damage)
             ... on level 9 of the Dungeon.
             The game lasted 00:11:40 (7236 turns).

Mesmaeker13 the Insei (Octopode Transmuter)         Turns: 7236, Time: 00:11:41

Health: -3/66      AC:  7    Str:  9    XL:     8   Next: 83%
Magic:  6/11       EV: 10    Int: 17    God:
Gold:   398        SH:  5    Dex: 13    Spells: 5/12 levels left

rFire   x . .      SeeInvis .    a - melded +11 dagger "Ultimatum" {speed, rPois rC+ Dex-5}
rCold   + + +      Faith    .    (shield currently unavailable)
rNeg    . . .      Spirit   .    (helmet currently unavailable)
rPois   +          Reflect  +    w - amulet of reflection
rElec   .          Rampage  .    y - ring of willpower
rCorr   .                        (no ring)
Will    +....                    (no ring)
Stlth   +                        (no ring)
HPRegen 0.00/turn                (no ring)
MPRegen 0.12/turn                (no ring)
                                 (no ring)
                                 (no ring)

@: about to teleport, ice-form, wereblooded, inhibited regen
A: freezing attack, boosted hp, almost no armour, amphibious, 8 rings, large,
(camouflage 1), (gelatinous body 1), (nimble swimmer 1), (tentacles), inhibited
regeneration
a: End Transformation


You were on level 9 of the Dungeon.
You were a creature of crystalline ice.
You visited 1 branch of the dungeon, and saw 8 of its levels.

You collected 398 gold pieces.

Inventory:

Hand Weapons
 a - the +11 dagger "Ultimatum" (melded) {speed, rPois rC+ Dex-5}
   (You took it off a kobold on level 4 of the Dungeon)

   Dex:       It affects your dexterity (-5).
   rC:        It protects you from cold.
   rPois:     It protects you from poison.
 m - a +2 short sword of freezing
Missiles
 p - 6 poisoned darts (quivered)
Jewellery
 w - an amulet of reflection (around neck)
 y - a ring of willpower (left front paw)
Wands
 x - a wand of digging (6)
Scrolls
 e - a scroll of amnesia {unknown}
 f - 3 scrolls of blinking
 h - 4 scrolls of enchant weapon
 k - 2 scrolls of teleportation
 n - 3 scrolls of fog
 r - a scroll of immolation {unknown}
 t - 3 scrolls of poison
 v - 4 scrolls of vulnerability
 z - 2 scrolls of brand weapon
Potions
 b - 3 potions of might
 c - a potion of berserk rage {unknown}
 d - a potion of ambrosia {unknown}
 g - a potion of resistance {unknown}
 i - 2 potions of curing {unknown}
 j - 4 potions of degeneration {unknown}
 l - 3 potions of attraction
 o - a potion of invisibility {unknown}
 q - 2 potions of haste {unknown}
 s - 4 potions of heal wounds {unknown}
 u - 3 potions of flight {unknown}


   Skills:
 + Level 5.3 Fighting
 - Level 2.0 Dodging
 + Level 6.1 Unarmed Combat
 - Level 2.5 Spellcasting
 + Level 5.6 Transmutations
 + Level 4.8 Ice Magic


You had 5 spell levels left.
You knew the following spells:

 Your Spells              Type           Power      Damage    Failure   Level
a - Beastly Appendage     Tmut           42%        N/A       1%          1
b - Wereblood             Tmut           21%        N/A       2%          2
c - Ice Form              Ice/Tmut       19%        N/A       22%         4

Your spell library contained the following spells:

 Spells                   Type           Power      Damage    Failure   Level
 Spider Form              Tmut/Pois      11%        N/A       17%         3
 Magic Dart               Conj           8%         1d3       19%         1
 Ignite Poison            Fire/Tmut/Pois 8%         N/A       26%         3
 Call Imp                 Summ           2%         N/A       28%         2
 Kindle Blastsparks       Fire/Tloc/Air  4%         2d10      50%         3
 Mephitic Cloud           Conj/Pois/Air  2%         N/A       50%         3
 Freezing Cloud           Conj/Ice/Air   3%         6-21      95%         5


Dungeon Overview and Level Annotations

Branches:
Dungeon (9/15)
 Temple: D:4-7         Lair: D:8-11         Orc: D:9-12

Altars:

Shops:
D:1 [

Annotations:
D:2 exclusion: 2 doors


Innate Abilities, Weirdness & Mutations

You are a creature of crystalline ice.
You have a powerful freezing melee attack.
Your maximum health is increased.
Your armour is entirely melded.
You are incapable of wielding weapons or throwing items.
You cannot wear most types of armour.
You are amphibious.
You can wear up to eight rings at the same time.
((Your skin changes colour to match your surroundings (Stealth+).))
((Your rubbery body absorbs attacks. (AC +1, EV +1)))
((You are camouflaged when in or above water. (Stealth+)))
((You have tentacles for arms and can constrict up to eight enemies at once.))
You do not regenerate when monsters are visible.


Message History

You reflect the arrow off an invisible shield around you!
The arrow hits the centaur.
Casting: Ice Form (dangerous; 22% risk of failure)
Confirm with . or Enter, or press ? or * to list all spells.
Your blood is infused with primal strength.
The centaur shoots an arrow.
The arrow misses you.
The bullfrog hits you but does no damage.
You hit the bullfrog.
The bullfrog seems to slow down.
You freeze the bullfrog.
The bullfrog is lightly wounded.
You hit the bullfrog.
The bullfrog seems to slow down.
You freeze the bullfrog.
The bullfrog is moderately wounded.
The bullfrog closely misses you.
You punch the bullfrog!
The bullfrog seems to slow down.
You freeze the bullfrog.
You feel a bit better.
You kill the bullfrog!
You hit the yak. You freeze the yak.
The yak is lightly wounded. 2 yaks come into view.
The yak bellows!
The centaur unwields a +0 shortbow.
The centaur hits you. The centaur kicks you. You block the yak's attack.
The yak gores you.
As you read the scroll of teleportation, it crumbles to dust.
You feel strangely unstable.
You howl as the wereblood boils in your veins!
The centaur hits you but does no damage.
The centaur kicks you. The yak gores you! The centaur hits you.
The centaur barely misses you. The yak gores you!
The centaur attacks as you move away! The centaur hits you.
You block the centaur's attack.
The centaur wields a +0 shortbow.
The centaur shoots an arrow.
The arrow hits you. The yak closely misses you.
You hit the yak. You freeze the yak.
The yak is lightly wounded.
The yak gores you!
* * * LOW HITPOINT WARNING * * *
You block the yak's attack.
Unknown command.
You punch the yak! You freeze the yak.
The yak is heavily wounded.
The yak barely misses you. The yak gores you!
You die...

###.#....#.##.#.#.#.#
#.................#.#
#.#......######.###.#
#.####.### #.....#
#.##....# ##########
#.##.#.## ...... #
#.......# .....> #
#.##Y##.# ......# #
#.##YYc.# .......###
#.####YY# .......#..
#.# #..# ........##
#.. ...# .##.....#
### #Y## ####..# #.#
#.#. #.. .. #. ...
### .


You could see 4 yaks and a centaur.

Vanquished Creatures
  Edmund (D:5)
  3 water moccasins (D:6)
  A sky beast (D:6)
  2 black bears (D:6)
  An ogre (D:5)
  A bullfrog (D:9)
  2 scorpions
  2 jellies (D:2)
  2 orc priests (D:4)
  A hound (D:5)
  5 iguanas
  10 adders
  A white imp (D:6)
  A worm (D:2)
  4 dart slugs
  13 orcs
  7 ball pythons
  6 bats
  13 endoplasms
  A giant cockroach (D:1)
  4 goblins
  16 hobgoblins
  8 jackals
  3 quokkas
  4 frilled lizards
  15 kobolds
  8 rats
135 creatures vanquished.

Vanquished Creatures (others)
  9 fungi (D:2)
  6 toadstools (D:2)
15 creatures vanquished.

Grand Total: 150 creatures vanquished

Notes
Turn   | Place    | Note
-------+----------+-------------------------------------------
     0 | D:1      | Mesmaeker13 the Octopode Transmuter began the quest for the
                  | Orb.
     0 | D:1      | Reached XP level 1. HP: 13/13 MP: 3/3
   271 | D:1      | Reached XP level 2. HP: 18/18 MP: 3/5
   292 | D:1      | Learned a level 2 spell: Wereblood
   408 | D:1      | Found Veicwuu's Antique Armour Shoppe.
   430 | D:1      | Reached XP level 3. HP: 15/23 MP: 4/6
  1257 | D:2      | Reached XP level 4. HP: 27/29 MP: 3/7
  1449 | D:2      | Learned a level 4 spell: Ice Form
  2147 | D:2      | Reached skill level 1 in Ice Magic
  2147 | D:2      | Reached XP level 5. HP: 25/35 MP: 6/8
  3663 | D:4      | Reached skill level 4 in Unarmed Combat
  3848 | D:4      | Reached XP level 6. HP: 30/42 MP: 6/9
  3901 | D:4      | Identified the +11 dagger "Ultimatum" {speed, rPois rC+
                  | Dex-5}
  4459 | D:5      | Entered Level 5 of the Dungeon
  4821 | D:5      | Gained mutation: You do not regenerate when monsters are
                  | visible. [mutagenic glow]
  4850 | D:5      | Reached XP level 7. HP: 34/46 MP: 0/10
  5418 | D:5      | Noticed Edmund
  5441 | D:5      | Killed Edmund
  5760 | D:2      | Reached skill level 5 in Unarmed Combat
  6420 | D:6      | Reached XP level 8. HP: 53/54 MP: 11/11
  6643 | D:6      | Reached skill level 5 in Transmutations
  6862 | D:6      | Reached skill level 5 in Fighting
  6866 | D:6      | Reached skill level 6 in Unarmed Combat
  6877 | D:6      | Identified the staff of conjuration "Nodausm" {rC++ Int-5
                  | Dex+3}
  7124 | D:7      | Noticed a yak
  7124 | D:7      | Noticed a yak
  7124 | D:7      | Noticed a yak
  7167 | D:7      | You fall into a shaft and drop 2 floors!
  7223 | D:9      | Noticed a yak
  7224 | D:9      | Noticed a yak
  7232 | D:9      | Noticed a yak
  7232 | D:9      | Noticed a yak
  7236 | D:9      | Slain by a yak

Illustrated notes

Levels and vault maps discovered:
D:1:      dpeg_arrival_snail, layout_basic, serial_shops, shop, fountainhead
D:2:      cheibrodos_fertilizer, layout_basic, minmay_misc_feat_secret_circle,
          minmay_cut_off
D:3:      layout_loops_corners, grunt_ministairs_15
D:4:      cheibrodos_quashed, layout_gridville
D:5:      layout_cave_pods, uniq_edmund
D:6:      layout_gridville
D:7:      minmay_bubble_buster, layout_cave_pools, minmay_temple_entry_mist,
          gammafunk_ghost_smash, kennysheep_generic_room_12
D:9:      layout_loops_cross, enter_bailey_5

Skill      XL: |  1  2  3  4  5  6  7  8 |
---------------+-------------------------+-----
Fighting       | 2 3 4 5 |  5.3
Transmutations | 3 4 5 |  5.6
Ice Magic      | 1 2 3 4 |  4.8
Unarmed Combat | 4 5 6 |  6.1
Dodging        | |  2.0
Spellcasting   | |  2.5

Action                     |  1- 3 |  4- 6 |  7- 9 || total
---------------------------+-------+-------+-------++-------
  Melee: Unarmed           |    80 |   101 |    56 ||   237
         Constrict         |    21 |    24 |     4 ||    49
         Kick              |    27 |    33 |     9 ||    69
         Tentacles         |     9 |    20 |     4 ||    33
         Punch             |     3 |     2 |     1 ||     6
         Dagger            |       |    19 |    32 ||    51
  Throw: Dart              |     4 |    10 |     3 ||    17
   Cast: Beastly Appendage |    25 |    48 |    16 ||    89
         Wereblood         |     3 |     4 |     4 ||    11
         Ice Form          |       |     2 |     8 ||    10
    Use: Scroll            |       |     5 |     4 ||     9
         Potion            |       |     2 |       ||     2
   Stab: Sleeping          |     1 |     6 |     3 ||    10
 Armour: Skin              |     6 |     9 |    21 ||    36
  Dodge: Dodged            |    38 |    76 |    26 ||   140
  Block: Other             |       |       |    16 ||    16
         Reflection        |       |       |     1 ||     1

Table legend: (Time is in decaauts)
 A = Elapsed time spent in this place.
 B = Non-inter-level travel time spent in this place.
 C = Inter-level travel time spent in this place.
 D = Time resting spent in this place.
 E = Time spent auto-exploring this place.
 F = Levels seen in this place.
 G = Mean time per level.
                   A        B        C        D        E       F      G
               +--------+--------+--------+--------+--------+-----+--------+
         Total |   7205 |   6728 |    477 |    717 |   4589 |   8 |  900.6 |
       Dungeon |   7205 |   6728 |    477 |    717 |   4589 |   8 |  900.6 |
               +--------+--------+--------+--------+--------+-----+--------+

Top non-repeatable levels by time:
     D:2: 1579 daAuts
     D:4: 1217 daAuts
     D:5: 1203 daAuts
     D:6: 1130 daAuts
     D:3: 1029 daAuts
     D:1: 974 daAuts
     D:9: 68 daAuts
     D:7: 2 daAuts
